 Dungeon Sprint DCSS version 0.24-a0-246-gb963c9a (webtiles) character file.

Game seed: 14564697594050065311

28 MikeHunt the Vexing (level 3, -10/26 HPs)
             Began as a Formicid Arcane Marksman on Apr 12, 2019.
             Mangled by a water elemental (17 damage)
             ... in the Dungeon (Sprint III: "The Ten Rune Challenge").
             The game lasted 00:02:18 (167 turns).

MikeHunt the Vexing (Formicid Arcane Marksman)       Turns: 167, Time: 00:02:19

Health: -10/26     AC:  4    Str: 14    XL:     3   Next: 30%
Magic:  7/7        EV: 12    Int: 12    God:
Gold:   25         SH:  0    Dex: 12    Spells: 5/8 levels left

rFire    . . .     SeeInvis +   a - +0 hand crossbow
rCold    . . .     Gourm    .   (no shield)
rNeg     . . .     Faith    .   l - +0 robe
rPois    .         Spirit   .   (helmet unavailable)
rElec    .         Reflect  .   (no cloak)
rCorr    .         Harm     .   (no gloves)
MR       .....                  (no boots)
Stlth    +.........             (no amulet)
HPRegen  0.08/turn              (no ring)
MPRegen  0.10/turn              (no ring)

@: no status effects
A: permanent stasis, dig shafts and tunnels, four strong arms, antennae 3, icy
blue scales 1, sense surroundings 1, screaming 1
a: Dig


You were in the Dungeon.
You were not hungry.

You visited 1 branch You collected 25 gold pieces.

Inventory:

Hand Weapons
 a - a +0 hand crossbow (weapon)
 b - a +0 dagger
Missiles
 d - 16 bolts (quivered)
Armour
 l - a +0 robe (worn)
Scrolls
 k - a scroll of blinking
 m - a scroll of immolation {unknown}
 n - 3 scrolls of identify
 o - 3 scrolls of remove curse
 q - a scroll of holy word {unknown}
Potions
 c - 3 potions of mutation
 e - a potion of curing
 g - a potion of heal wounds
 h - a potion of haste
 i - 2 potions of magic
 j - 2 potions of berserk rage
 p - 3 potions of flight
Comestibles
 f - 3 rations


   Skills:
 - Level 1.1 Fighting
 + Level 4.6 Crossbows
 - Level 1.7 Dodging
 - Level 3.2 Spellcasting
 + Level 4.8 Hexes


You had 5 spell levels left.
You knew the following spells:

 Your Spells              Type           Power        Failure   Level  Hunger
a - Corona                Hex            ##.....      3%          1    #......
r - Slow                  Hex            ##......     4%          2    ###....

Your spell library contained the following spells:

 Spells                   Type           Power        Failure   Level  Hunger
 Inner Flame              Hex/Fire       #.......     26%         3    ###....
 Portal Projectile        Hex/Tloc       #.....       26%         3    ###....
 Cause Fear               Hex            ##........   32%         4    #####..
 Leda's Liquefaction      Hex/Erth       #.........   65%         4    #####..


Dungeon Overview and Level Annotations

Branches:
Dungeon (1/1)

Altars:


Innate Abilities, Weirdness & Mutations

You cannot be hasted, slowed, berserked, paralysed or teleported.
You can dig through walls and to a lower floor.
Your four strong arms can wield two-handed weapons with a shield.
You have a pair of large antennae on your head. (SInv)
You are partially covered in icy blue scales. (AC +2)
You passively map a small area around you.
You occasionally shout uncontrollably at your foes.


Message History

Firing (i - inventory)
d - 18 bolts (quivered)
Press: ? - help, Shift-Dir - straight line, f/p - water elemental
Aim: a water elemental You shoot a bolt.
The bolt hits the water elemental!
The water elemental is moderately damaged.
The water elemental hits you.
The water elemental engulfs you in water!
The water elemental hits you!
Ouch! That really hurt!
* * * LOW HITPOINT WARNING * * *
You slip free of the water engulfing you.
You gasp with relief as air once again reaches your lungs.
Firing (i - inventory)
d - 17 bolts (quivered)
Press: ? - help, Shift-Dir - straight line, f/p - water elemental
Aim: a water elemental (moderately damaged)
You shoot a bolt. The bolt hits the water elemental!
The water elemental is heavily damaged.
The water elemental hits you!
Ouch! That really hurt!
You die...

▓..#..#.....♣ ♣.#
▓#'####....♣♣ ♣♣.#{ _
▓.....#....≈♣♣♣♣..###+#+#
*
▓.....#...≈≈♣♣.♣..#......
▓.....#..≈≈≈≈♣....'.⌠....
▓####'#..≈≈≈≈†≈♣..# ,
▓(....#.≈≈≈≈≈≈..(.# { ,
▓.....#.≈≈≈≈≈..E..# , *
▓.....#.≈≈≈...@...#+ * _
▓'#####...........#,{{
▓.................# _ *
▓▓▓▓▓▓▓▓▓▓▓▓▓▓▓▓▓▓▓ * * {
≈ {≈ , * ,{ ≈ * ≈ +,,,{ *
{ {{ ≈≈ {{ {{


You could see a water elemental.

Vanquished Creatures
  A human (D)
  An ooze (D)
  A phantom (D)
  3 rats (D)
6 creatures vanquished.

Vanquished Creatures (others)
  2 draconian scorchers (D)
  5 hellions (D)
  2 yaktaurs (D)
9 creatures vanquished.

Grand Total: 15 creatures vanquished

Notes
Turn   | Place    | Note
-------+----------+-------------------------------------------
     0 | D        | MikeHunt the Formicid Arcane Marksman began the quest for
                  | the Orb.
     0 | D        | Reached XP level 1. HP: 15/15 MP: 2/2
    29 | D        | Reached XP level 2. HP: 21/21 MP: 3/3
    42 | D        | Learned a level 2 spell: Slow
    43 | D        | Killed a yaktaur
    94 | D        | Killed a hellion
    94 | D        | Killed a hellion
    94 | D        | Killed a hellion
   107 | D        | Reached XP level 3. HP: 26/26 MP: 2/7
   121 | D        | Killed a yaktaur
   124 | D        | Killed a hellion
   138 | D        | Killed a white draconian scorcher
   146 | D        | Killed a white draconian scorcher
   148 | D        | Gained mutation: You passively map a small area around you.
                  | [potion of mutation]
   148 | D        | Gained mutation: You occasionally shout uncontrollably at
                  | your foes. [potion of mutation]
   148 | D        | Gained mutation: You are partially covered in icy blue
                  | scales. (AC +2) [potion of mutation]
   148 | D        | Killed a hellion
   160 | D        | Noticed a water elemental
   167 | D        | Mangled by a water elemental

Levels and vault maps discovered:
D:        dungeon_sprint_mu [sprint_mu_entry_forest, sprint_mu_temple_rooms,
          sprint_mu_d1_spiders, sprint_mu_d2_genie, sprint_mu_d3_branching,
          sprint_mu_orc_legion, sprint_mu_elf_gauntlet, sprint_mu_hive_nellie,
          sprint_mu_lair_fedhas, sprint_mu_vaults_butterflies,
          sprint_mu_slime_circle, sprint_mu_shoals_kraken,
          sprint_mu_snake_twists, sprint_mu_blade_basic, sprint_mu_crypt_lich,
          sprint_mu_tomb_spiral, sprint_mu_vestibule_basic,
          sprint_mu_gehenna_hellfire, sprint_mu_dis_giant,
          sprint_mu_tartarus_statrot, sprint_mu_cocytus_islands, sprint_mu_zot1]

Skill      XL: |  1  2 |
---------------+-------+-----
Crossbows      | 3 4 |  4.6
Hexes          | 4 |  4.8
Spellcasting   | 3 |  3.2
Fighting       | |  1.1
Dodging        | |  1.7

Action                   || total
-------------------------++-------
Melee: Dagger            ||     5
       Unarmed           ||     1
 Fire: Hand crossbow     ||    22
 Cast: Slow              ||     3
  Use: Potion            ||     1
Armor: Robe              ||     2
Dodge: Dodged            ||     6

Table legend:
 A = Non-vault XP
 B = Vault XP
 C = Vault XP percentage of total XP
 D = Non-vault monster count
 E = Vault monster count
 F = Vault count percentage of total count
                 A         B        C        D         E       F
            +---------+---------+-------+---------+---------+-------
      Total |       0 |      41 | 100.0 |       0 |       6 | 100.0
            +---------+---------+-------+---------+---------+-------
          D |       0 |      41 | 100.0 |       0 |       6 | 100.0
            +---------+---------+-------+---------+---------+-------
